[Event "RUS-chTW Premier 2019"]
[Site "Sochi"]
[Date "2019.05.02"]
[Round "2.7"]
[White "Shafigullina, Zarina"]
[Black "Guseva, Marina"]
[Result "0-1"]
[ECO "A46"]
[WhiteElo "2299"]
[BlackElo "2402"]
[Annotator "NA"]
[PlyCount "70"]
[EventDate "2019.05.01"]
[EventType "team-tourn"]
[EventCountry "RUS"]
[SourceTitle "playchess.com"]
[Source "ChessBase"]
[SourceQuality "1"]
[TimeControl "40/5400+30:1800+30"]

1. d4 Nf6 2. Nf3 e6 3. g3 b5 4. b3 Bb7 5. Bg2 c5 6. dxc5 Bxc5 7. O-O O-O 8. Bb2 d5 9. Ne5 Qb6 10. a4 b4 11. a5 Qd8 12. Nd3 Be7 13. c3 bxc3 14. Nxc3 Na6 15. Qb1 Rb8 16. Rd1 Ba8 17. Ba3 Bxa3 18. Rxa3 Qe7 19. Qb2 d4 20. Na2 Bxg2 21. Kxg2 e5 22. Kg1 h6 23. Rc1 e4 24. Nf4 Rfd8 25. Ra4 d3 26. exd3 exd3 27. Rd4 Rxd4 28. Qxd4 Rd8 29. Qc4 d2 30. Rd1 Nc5 31. b4 Na4 32. Nd3 Qe2 33. Qc2 Rxd3 34. Qxa4 Ng4 35. Kg2 Ne3+ 0-1

[Event "RUS-chTW Premier 2019"]
[Site "Sochi"]
[Date "2019.05.02"]
[Round "2.8"]
[White "Kovanova, Baira"]
[Black "Bulatova, Kamaliya"]
[Result "0-1"]
[ECO "D38"]
[WhiteElo "2349"]
[BlackElo "2103"]
[Annotator "NA"]
[PlyCount "60"]
[EventDate "2019.05.01"]
[EventType "team-tourn"]
[EventCountry "RUS"]
[SourceTitle "playchess.com"]
[Source "ChessBase"]
[SourceQuality "1"]
[TimeControl "40/5400+30:1800+30"]

1. Nf3 d5 2. d4 Nf6 3. c4 e6 4. Nc3 Bb4 5. cxd5 exd5 6. Bg5 O-O 7. e3 Bf5 8. Be2 Nbd7 9. O-O c6 10. Qb3 Qe7 11. a3 Bxc3 12. Qxc3 h6 13. Bh4 g5 14. Bg3 Ne4 15. Qa5 h5 16. Qc7 h4 17. Be5 f6 18. Qxb7 fxe5 19. Nxe5 Qe6 20. Nxc6 h3 21. g3 Nd2 22. Rfd1 Rab8 23. Nxb8 Qe4 24. f3 Qxe3+ 25. Kh1 Rxb8 26. Qxd5+ Be6 27. Qc6 Rb6 28. Qa8+ Nf8 29. Qd8 Nxf3 30. Re1 Qf2 0-1

[Event "RUS-chTW Premier 2019"]
[Site "Sochi"]
[Date "2019.05.02"]
[Round "2.9"]
[White "Bodnaruk, Anastasia"]
[Black "Sudakova, Irina"]
[Result "1-0"]
[ECO "C42"]
[WhiteElo "2431"]
[BlackElo "2313"]
[Annotator "NA"]
[PlyCount "141"]
[EventDate "2019.05.01"]
[EventType "team-tourn"]
[EventCountry "RUS"]
[SourceTitle "playchess.com"]
[Source "ChessBase"]
[SourceQuality "1"]
[TimeControl "40/5400+30:1800+30"]

1. e4 e5 2. Nf3 Nf6 3. Nxe5 d6 4. Nf3 Nxe4 5. Nc3 Nf6 6. d4 Be7 7. Bd3 O-O 8. h3 Re8 9. O-O Nbd7 10. Ne2 Bf8 11. c4 d5 12. c5 Ne4 13. Qc2 c6 14. b4 a6 15. a4 g6 16. Ra2 Bg7 17. b5 axb5 18. axb5 Rxa2 19. Qxa2 Nf8 20. Qa7 Ne6 21. Be3 g5 22. bxc6 bxc6 23. Rb1 h5 24. Rb8 g4 25. hxg4 hxg4 26. Nh2 Qd7 27. Qxd7 Bxd7 28. Rxe8+ Bxe8 29. Nxg4 Kf8 30. f3 Nf6 31. Ne5 Nd7 32. Ng4 Nf6 33. Nf2 Bd7 34. g4 Bc8 35. Ng3 Nxg4 36. Nxg4 Bxd4 37. Bxd4 Nxd4 38. Kf2 Nb3 39. Ne5 Nxc5 40. Bc2 Bb7 41. Nf5 f6 42. Ng6+ Ke8 43. Nf4 Ba6 44. Ke3 Kd7 45. Nh5 Ne6 46. Nxf6+ Kc7 47. f4 Bc4 48. Nd4 Ng7 49. f5 c5 50. Nf3 Kd6 51. Nd2 Bb5 52. Kf4 c4 53. Nf3 Ba6 54. Nd4 Bc8 55. Ng4 Kc5 56. f6 Kxd4 57. fxg7 Be6 58. Bf5 c3 59. Bxe6 c2 60. g8=Q c1=Q+ 61. Kf5 Qc2+ 62. Kf6 Qc7 63. Qa8 Qf4+ 64. Kg6 Qd6 65. Qa1+ Kd3 66. Qd1+ Ke4 67. Nf6+ Ke5 68. Qe1+ Kd4 69. Bxd5 Qh2 70. Qb4+ Kd3 71. Qc4+ 1-0

[Event "RUS-chTW Premier 2019"]
[Site "Sochi"]
[Date "2019.05.02"]
[Round "2.10"]
[White "Protopopova, Anastasiya"]
[Black "Ovod, Evgenija"]
[Result "1-0"]
[ECO "A90"]
[WhiteElo "2249"]
[BlackElo "2362"]
[Annotator "NA"]
[PlyCount "81"]
[EventDate "2019.05.01"]
[EventType "team-tourn"]
[EventCountry "RUS"]
[SourceTitle "playchess.com"]
[Source "ChessBase"]
[SourceQuality "1"]
[TimeControl "40/5400+30:1800+30"]

1. d4 e6 2. c4 f5 3. g3 Nf6 4. Bg2 c6 5. Qc2 d5 6. Nh3 Bd6 7. O-O O-O 8. Bf4 Be7 9. Nd2 h6 10. Bxb8 Rxb8 11. Nf4 Qe8 12. Nf3 Bd6 13. Nd3 Nd7 14. b4 g5 15. Rfe1 Qg6 16. a4 Qf6 17. e3 g4 18. Nd2 h5 19. b5 h4 20. Rab1 Rd8 21. a5 a6 22. bxc6 bxc6 23. Qa4 Rxb1 24. Rxb1 Nb8 25. Nb3 Kg7 26. Nbc5 Rh8 27. Rb6 hxg3 28. hxg3 Qh6 29. Nf4 e5 30. dxe5 Bxc5 31. Rxb8 d4 32. Qb3 dxe3 33. fxe3 Qh2+ 34. Kf2 Kh6 35. Qd3 Re8 36. Rb1 Rxe5 37. Rh1 Qxh1 38. Bxh1 Rxe3 39. Qxe3 Bxe3+ 40. Kxe3 c5 41. Bd5 1-0

[Event "RUS-chTW Premier 2019"]
[Site "Sochi"]
[Date "2019.05.02"]
[Round "2.11"]
[White "Belenkaya, Dina"]
[Black "Lysenko, Margarita"]
[Result "1/2-1/2"]
[ECO "B91"]
[WhiteElo "2315"]
[BlackElo "2211"]
[Annotator "NA"]
[PlyCount "172"]
[EventDate "2019.05.01"]
[EventType "team-tourn"]
[EventCountry "RUS"]
[SourceTitle "playchess.com"]
[Source "ChessBase"]
[SourceQuality "1"]
[TimeControl "40/5400+30:1800+30"]

1. e4 c5 2. Nf3 d6 3. d4 cxd4 4. Nxd4 Nf6 5. Nc3 a6 6. g3 e5 7. Nde2 Be7 8. Bg2 Nbd7 9. a4 b6 10. Nd5 Nxd5 11. Qxd5 Rb8 12. Nc3 Bb7 13. Qd1 Rc8 14. O-O O-O 15. Be3 Nf6 16. Qe2 Qc7 17. Rfd1 Rfe8 18. Rd2 h6 19. Rad1 Rb8 20. h3 Rec8 21. Kh2 Bf8 22. g4 Nd7 23. g5 hxg5 24. Bxg5 Nc5 25. Be3 Bc6 26. b3 Nd7 27. Qg4 Nf6 28. Qh4 b5 29. axb5 axb5 30. Rg1 b4 31. Nd5 Bxd5 32. exd5 Re8 33. Bh1 Be7 34. Qh6 g6 35. Bf3 Bf8 36. Qh4 Bg7 37. Bg5 Nh7 38. Be3 Bf6 39. Qe4 Bg7 40. Qh4 Bf6 41. Qe4 Qe7 42. Be2 Kg7 43. Bf1 Rh8 44. f4 exf4 45. Qxe7 Bxe7 46. Bxf4 Nf6 47. Bc4 Nh5 48. Bg5 Bxg5 49. Rxg5 Rhe8 50. Rd4 Nf6 51. Rg1 Nd7 52. Ra1 Ne5 53. Be2 Rec8 54. Bd1 Rb6 55. Kg2 Rc7 56. Ra4 Rcb7 57. h4 Rb8 58. Kf2 R8b7 59. Ke3 Nd7 60. Kd2 Ne5 61. c3 bxc3+ 62. Kxc3 Rc7+ 63. Kd2 Nd7 64. b4 Rcb7 65. Be2 Rc7 66. b5 Rc5 67. Ra7 Nf6 68. Bc4 Rxc4 69. Rxc4 Rxb5 70. Rcc7 Rxd5+ 71. Ke2 Re5+ 72. Kd3 Rd5+ 73. Kc4 Rc5+ 74. Rxc5 dxc5 75. Kxc5 Ne4+ 76. Kd4 Ng3 77. Ke5 Nf5 78. Ra4 Kh6 79. Kf6 Kh5 80. Kxf7 Nxh4 81. Kf6 g5 82. Rb4 Nf3 83. Kf5 Nh4+ 84. Kf6 Nf3 85. Kf5 Nh4+ 86. Kf6 Nf3 1/2-1/2

[Event "RUS-chTW Premier 2019"]
[Site "Sochi"]
[Date "2019.05.02"]
[Round "2.12"]
[White "Geller, Anastasiya"]
[Black "Balaian, Alina"]
[Result "0-1"]
[ECO "E86"]
[WhiteElo "2187"]
[BlackElo "2250"]
[Annotator "NA"]
[PlyCount "160"]
[EventDate "2019.05.01"]
[EventType "team-tourn"]
[EventCountry "RUS"]
[SourceTitle "playchess.com"]
[Source "ChessBase"]
[SourceQuality "1"]
[TimeControl "40/5400+30:1800+30"]

1. d4 Nf6 2. c4 g6 3. Nc3 Bg7 4. e4 d6 5. f3 O-O 6. Be3 e5 7. Nge2 c6 8. d5 c5 9. Qd2 Ne8 10. g3 f5 11. Bg2 a6 12. a4 Nd7 13. O-O Ndf6 14. a5 Bd7 15. Bg5 b5 16. axb6 Qxb6 17. Na4 Bxa4 18. Rxa4 Rb8 19. Rfa1 Nc7 20. R1a2 Nd7 21. Be3 fxe4 22. fxe4 Qb7 23. Qc1 Nb6 24. R4a3 Qc8 25. h3 Qd7 26. Bg5 Qf7 27. Rf3 Qd7 28. Raa3 Na4 29. Rxf8+ Bxf8 30. b3 Nb6 31. Qd2 Nc8 32. Nc1 Bg7 33. Nd3 Nb6 34. Kh2 Qc8 35. Ra1 Ne8 36. Rc1 Rb7 37. Qa5 Bf8 38. Qxa6 h6 39. Be3 Nc7 40. Qa2 Nd7 41. Rf1 Qb8 42. Qf2 Qe8 43. Nc1 Bg7 44. Qa2 Qb8 45. Qd2 Kh7 46. Rf7 Qe8 47. Qf2 Kg8 48. Rf3 Qe7 49. Qd2 Kh7 50. Rf2 Na6 51. Qc3 Nb4 52. Na2 Qe8 53. Nxb4 Rxb4 54. Ra2 Qb8 55. Ra3 Qb7 56. Bd2 Rb6 57. Qf3 Qb8 58. h4 Nf6 59. Bh3 Rb7 60. g4 Ra7 61. Rxa7 Qxa7 62. Bg2 Qa2 63. Be1 Qc2 64. Kg3 Kg8 65. Qe3 Nh7 66. Qc3 Qb1 67. Bf3 Nf6 68. Qe3 Qc2 69. g5 hxg5 70. hxg5 Nh7 71. Bg4 Bf8 72. Kh3 Be7 73. Bh4 Kg7 74. Be6 Qd1 75. Qf2 Bxg5 76. Qf7+ Kh6 77. Qf2 Qh1+ 78. Kg4 Qxe4+ 79. Kh3 Qh1+ 80. Kg4 Nf6+ 0-1

[Event "RUS-chTW Premier 2019"]
[Site "Sochi"]
[Date "2019.05.02"]
[Round "2.13"]
[White "Borisova, Ekaterina"]
[Black "Loskutova, Viktoriya"]
[Result "0-1"]
[ECO "E04"]
[WhiteElo "2292"]
[BlackElo "2096"]
[Annotator "NA"]
[PlyCount "127"]
[EventDate "2019.05.01"]
[EventType "team-tourn"]
[EventCountry "RUS"]
[SourceTitle "playchess.com"]
[Source "ChessBase"]
[SourceQuality "1"]
[TimeControl "40/5400+30:1800+30"]

1. d4 d5 2. c4 e6 3. Nf3 Nf6 4. g3 dxc4 5. Bg2 a6 6. Ne5 Bb4+ 7. Nc3 Nd5 8. Bd2 Bxc3 9. bxc3 Nb6 10. O-O O-O 11. e4 N8d7 12. f4 Nxe5 13. fxe5 f6 14. exf6 Rxf6 15. Qh5 Bd7 16. e5 Rxf1+ 17. Rxf1 Qe8 18. Qh4 Bc6 19. Bh3 Nd7 20. Bg4 Nf8 21. Bh5 Ng6 22. Qg5 Be4 23. Be2 b5 24. h4 Qe7 25. Qg4 Bf5 26. Qf3 Rf8 27. Qc6 Qe8 28. Qxc7 Be4 29. h5 Rxf1+ 30. Bxf1 Nf8 31. Be2 Qf7 32. Qd6 Bf3 33. Bxf3 Qxf3 34. Be1 Qe3+ 35. Kf1 Qd3+ 36. Kg2 Qe4+ 37. Kf2 Qc2+ 38. Kf3 Qd3+ 39. Kf2 Qc2+ 40. Kg1 Qb1 41. Kf1 Qxa2 42. d5 Qh2 43. dxe6 Qh3+ 44. Ke2 Qxh5+ 45. Ke3 Qh6+ 46. Ke4 Qxe6 47. Qb8 Qc6+ 48. Ke3 Kf7 49. Qa7+ Nd7 50. Kf4 Qh6+ 51. Ke4 Qh1+ 52. Kf4 Qd5 53. Bf2 Qxe5+ 54. Kf3 Qd5+ 55. Ke2 Qd3+ 56. Ke1 Qxc3+ 57. Kf1 Qd3+ 58. Kg1 Qd6 59. Qb7 h6 60. Kg2 Ke6 61. Qe4+ Ne5 62. Qh7 Qd5+ 63. Kf1 Qd3+ 64. Kg1 0-1

[Event "RUS-chTW Premier 2019"]
[Site "Sochi"]
[Date "2019.05.02"]
[Round "2.14"]
[White "Zakharova, Viktoriya"]
[Black "Smirnova, Ekaterina"]
[Result "0-1"]
[ECO "C18"]
[WhiteElo "1926"]
[BlackElo "2204"]
[Annotator "NA"]
[PlyCount "132"]
[EventDate "2019.05.01"]
[EventType "team-tourn"]
[EventCountry "RUS"]
[SourceTitle "playchess.com"]
[Source "ChessBase"]
[SourceQuality "1"]
[TimeControl "40/5400+30:1800+30"]

1. e4 e6 2. d4 d5 3. Nc3 Bb4 4. e5 c5 5. a3 Bxc3+ 6. bxc3 Qc7 7. Nf3 Ne7 8. Be2 b6 9. a4 O-O 10. O-O cxd4 11. cxd4 Ba6 12. Bd3 Bxd3 13. Qxd3 Rc8 14. Ba3 Ng6 15. Nd2 Qc3 16. Qxc3 Rxc3 17. Rfc1 Na6 18. Bb2 Rc7 19. Ba3 Rac8 20. Ra2 Nf4 21. Kf1 Nd3 22. cxd3 Rxc1+ 23. Bxc1 Rxc1+ 24. Ke2 Nb4 25. Rb2 Re1+ 26. Kf3 a5 27. Nb1 f6 28. exf6 gxf6 29. Nc3 Kf7 30. Na2 Nxa2 31. Rxa2 Rb1 32. Ke3 Rb4 33. f4 h5 34. g3 Kg6 35. h3 Kf5 36. Ra3 Kg6 37. Ra2 h4 38. g4 Rb1 39. Kf2 Rh1 40. Kg2 Rd1 41. Ra3 Rd2+ 42. Kg1 Rb2 43. Rc3 Rb4 44. Rc6 Rxd4 45. Rxe6 Rxf4 46. Rxb6 Rxa4 47. Rb5 Rd4 48. Rxa5 Rxd3 49. Kh2 Kg5 50. Ra2 d4 51. Rf2 Re3 52. Rf5+ Kg6 53. Rd5 d3 54. Kg2 Kf7 55. Kf2 Rxh3 56. g5 fxg5 57. Rxg5 Kf6 58. Rh5 Ke6 59. Rh8 Ke5 60. Kg2 Re3 61. Kf2 Re4 62. Kf3 Rd4 63. Re8+ Kd6 64. Rd8+ Kc5 65. Rc8+ Kb4 66. Rb8+ Kc3 0-1

[Event "RUS-chTW Premier 2019"]
[Site "Sochi"]
[Date "2019.05.02"]
[Round "2.15"]
[White "Tomashevskaya, Lidia"]
[Black "Degtyareva, Kristina"]
[Result "0-1"]
[ECO "C77"]
[WhiteElo "2128"]
[BlackElo "1812"]
[Annotator "NA"]
[PlyCount "58"]
[EventDate "2019.05.01"]
[EventType "team-tourn"]
[EventCountry "RUS"]
[SourceTitle "playchess.com"]
[Source "ChessBase"]
[SourceQuality "1"]
[TimeControl "40/5400+30:1800+30"]

1. e4 e5 2. Nf3 Nc6 3. Bb5 a6 4. Ba4 Nf6 5. Qe2 b5 6. Bb3 Bc5 7. c3 d6 8. h3 Bb6 9. O-O O-O 10. Rd1 Qe7 11. d4 exd4 12. cxd4 Na5 13. Bc2 Bb7 14. Bg5 h6 15. Bxf6 Qxf6 16. Qd3 c5 17. Nc3 Nc4 18. Rab1 cxd4 19. Nxd4 Rac8 20. Nce2 Rfe8 21. e5 Rxe5 22. Qh7+ Kf8 23. Nf5 g6 24. Qxh6+ Ke8 25. Neg3 Bxf2+ 26. Kxf2 Ne3 27. Bb3 Nxf5 28. Qf4 Nxg3 29. Qxf6 Ne4+ 0-1

[Event "RUS-chTW Premier 2019"]
[Site "Sochi"]
[Date "2019.05.02"]
[Round "2.16"]
[White "Makarova, Ekaterina"]
[Black "Tishova, Svetlana"]
[Result "0-1"]
[ECO "D02"]
[WhiteElo "1630"]
[BlackElo "2093"]
[Annotator "NA"]
[PlyCount "126"]
[EventDate "2019.05.01"]
[EventType "team-tourn"]
[EventCountry "RUS"]
[SourceTitle "playchess.com"]
[Source "ChessBase"]
[SourceQuality "1"]
[TimeControl "40/5400+30:1800+30"]

1. d4 Nf6 2. Nf3 d5 3. Bf4 c5 4. c3 Nc6 5. e3 Qb6 6. Qb3 c4 7. Qc2 Bf5 8. Qc1 e6 9. Nbd2 h6 10. h3 Qd8 11. Be2 Be7 12. O-O O-O 13. Bd1 Bd6 14. Bxd6 Qxd6 15. Bc2 b5 16. Re1 Bxc2 17. Qxc2 b4 18. e4 Nh5 19. exd5 exd5 20. Ne5 bxc3 21. bxc3 Nxe5 22. Rxe5 Nf4 23. Nf1 Nd3 24. Re3 Rab8 25. Rb1 Rxb1 26. Qxb1 Rb8 27. Qd1 Rb2 28. Qh5 Rxf2 29. Rxd3 Rxf1+ 30. Kxf1 cxd3 31. Qf3 Qa6 32. Ke1 Qxa2 33. Qxd3 Qxg2 34. Qf5 g6 35. Qc8+ Kg7 36. Qc7 Qe4+ 37. Kd2 a6 38. Qa5 Qe6 39. Qa1 h5 40. h4 Qb6 41. Qe1 Qf6 42. Qh1 Qd6 43. Kc2 a5 44. Kb3 Qc6 45. Qh2 a4+ 46. Kc2 Qb7 47. Qe5+ Kh7 48. Qd6 Qb3+ 49. Kd2 Qb2+ 50. Kd3 Qb1+ 51. Kd2 Qf5 52. Qe7 Qf2+ 53. Kd3 a3 54. Qxa3 Qxh4 55. Qd6 Qe4+ 56. Kd2 h4 57. Qf6 Kg8 58. Qf1 Kg7 59. Qh3 Qf4+ 60. Ke2 Qg3 61. Qh1 Qg4+ 62. Kd2 h3 63. Qxd5 Qg2+ 0-1

[Event "RUS-chTW Premier 2019"]
[Site "Sochi"]
[Date "2019.05.03"]
[Round "3.1"]
[White "Ushenina, Anna"]
[Black "Kosteniuk, Alexandra"]
[Result "1-0"]
[ECO "E01"]
[WhiteElo "2442"]
[BlackElo "2546"]
[Annotator "ChessBase"]
[PlyCount "133"]
[EventDate "2019.05.01"]
[EventType "team-tourn"]
[EventCountry "RUS"]
[SourceTitle "playchess.com"]
[Source "ChessBase"]
[SourceQuality "1"]
[TimeControl "40/5400+30:1800+30"]

1. d4 Nf6 2. c4 e6 3. g3 d5 4. Bg2 Bb4+ 5. Nd2 O-O 6. Ngf3 b6 7. O-O Bb7 8. a3 Be7 9. cxd5 exd5 10. b4 Qe8 11. Nh4 a5 12. bxa5 Rxa5 13. Nf5 Bd8 14. a4 Bc8 15. Ne3 Be7 16. Nb1 Nc6 17. Nc3 Be6 18. Nb5 Qd7 19. Bd2 Rxb5 20. axb5 Nxd4 21. Qa4 Nxe2+ 22. Kh1 Ne4 23. Bxe4 dxe4 24. Bb4 Bg4 25. Nxg4 Qxg4 26. Ra3 e3 27. Rxe3 Bc5 28. Rb3 Re8 29. Qa3 Qh3 30. Qa1 Qe6 31. Qd1 Bd4 32. Rf3 g5 33. Qb3 Qd7 34. Qd3 Re5 35. Re1 Qd5 36. Qb3 Qxb3 37. Rxb3 Bxf2 38. Rf1 Bd4 39. Bd2 Rd5 40. Re1 Re5 41. Rd3 Bf2 42. Rd8+ Kg7 43. Bc3 Bxe1 44. Bxe5+ f6 45. Bxc7 Nc3 46. Bxb6 Nxb5 47. Rd5 Na3 48. Bd4 Nc2 49. Rxg5+ Kf7 50. Rg4 h5 51. Re4 Ba5 52. Bb2 Ne1 53. Re3 Bd2 54. Ra3 Bg5 55. h4 Bh6 56. Rc3 Kg6 57. Kg1 Kf5 58. Kf1 Bd2 59. Rc5+ Kg4 60. Ke2 Nf3 61. Bxf6 Be1 62. Rc4+ Kxg3 63. Ra4 Kg2 64. Ra3 Bxh4 65. Rxf3 Bg3 66. Rf5 h4 67. Rg5 1-0

[Event "RUS-chTW Premier 2019"]
[Site "Sochi"]
[Date "2019.05.03"]
[Round "3.2"]
[White "Shuvalova, Polina"]
[Black "Pogonina, Natalija"]
[Result "0-1"]
[ECO "C67"]
[WhiteElo "2439"]
[BlackElo "2453"]
[Annotator "RC"]
[PlyCount "118"]
[EventDate "2019.05.01"]
[EventType "team-tourn"]
[EventCountry "RUS"]
[SourceTitle "playchess.com"]
[Source "ChessBase"]
[SourceQuality "1"]
[TimeControl "40/5400+30:1800+30"]

1. e4 e5 2. Nf3 Nc6 3. Bb5 Nf6 4. O-O Nxe4 5. Re1 Nd6 6. Nxe5 Be7 7. Bf1 Nf5 8. Bd3 Nxe5 9. Bxf5 d6 10. Bxc8 Rxc8 11. Nc3 O-O 12. d4 Ng6 13. Nd5 Bg5 14. f4 c6 15. fxg5 cxd5 16. c3 Re8 17. Bd2 Rxe1+ 18. Qxe1 Qd7 19. Qf1 Re8 20. Re1 Re4 21. Rxe4 dxe4 22. b3 d5 23. Qf2 Qg4 24. Qf1 a6 25. c4 Qd7 26. Be3 Nf8 27. h3 Qe6 28. Qc1 Qd7 29. Kh1 Qd8 30. cxd5 Qxd5 31. Qc8 g6 32. Bf4 Qxd4 33. Qb8 f5 34. gxf6 Qxf6 35. Be3 Qe7 36. Qc8 Qd7 37. Qb8 Qe7 38. Kg1 h5 39. Kf2 Kh7 40. Bd4 Kg8 41. Qc8 Qd6 42. Be3 Qd5 43. Qc3 Kf7 44. Ke2 Ne6 45. Qc8 Qc6 46. Qb8 Qc7 47. Qxc7+ Nxc7 48. Bd4 Nd5 49. g4 Ke6 50. Kf2 Nf4 51. Be3 Ke5 52. gxh5 gxh5 53. Kg3 Nd5 54. Ba7 b6 55. Kh4 e3 56. Bb8+ Ke4 57. Bg3 Nf4 58. a4 Kf3 59. a5 bxa5 0-1

[Event "RUS-chTW Premier 2019"]
[Site "Sochi"]
[Date "2019.05.03"]
[Round "3.3"]
[White "Girya, Olga"]
[Black "Kovalevskaya, Ekaterina"]
[Result "1-0"]
[ECO "D30"]
[WhiteElo "2449"]
[BlackElo "2413"]
[Annotator "NA"]
[PlyCount "127"]
[EventDate "2019.05.01"]
[EventType "team-tourn"]
[EventCountry "RUS"]
[SourceTitle "playchess.com"]
[Source "ChessBase"]
[SourceQuality "1"]
[TimeControl "40/5400+30:1800+30"]

1. d4 d5 2. c4 e6 3. Nf3 c5 4. cxd5 exd5 5. g3 Nc6 6. Bg2 Nf6 7. O-O Be7 8. dxc5 Bxc5 9. a3 Ne4 10. b4 Be7 11. Bb2 O-O 12. Nbd2 Bf6 13. Bxf6 Qxf6 14. Nxe4 dxe4 15. Nd2 e3 16. Ne4 Qh6 17. Qd6 Be6 18. Nc5 Rad8 19. Qf4 Qxf4 20. gxf4 Nd4 21. fxe3 Nc2 22. Rad1 Nxe3 23. Rxd8 Rxd8 24. Rc1 Nxg2 25. Kxg2 Bd5+ 26. Kf2 Bc6 27. b5 Bxb5 28. Nxb7 Ra8 29. Rc7 Ba4 30. Nd6 Bb3 31. Ke3 g6 32. Kd4 a5 33. e4 Kg7 34. e5 a4 35. Kc5 Be6 36. Kb5 Bb3 37. Kc5 Be6 38. Kb5 Bb3 39. Kc6 Be6 40. Kc5 Rf8 41. Ra7 Bb3 42. Kc6 Kh6 43. Kd7 Kh5 44. Ke7 Rb8 45. Nxf7 Kg4 46. e6 Kxf4 47. Nd6 Kg4 48. Kd7 Bxe6+ 49. Kxe6 h5 50. Rxa4+ Kh3 51. Kf6 Rg8 52. Kg5 Kxh2 53. Rd4 Kg3 54. a4 Ra8 55. Kxg6 Ra5 56. Nf5+ Kf3 57. Kg5 Ke2 58. Kf4 Rc5 59. Ng3+ Ke1 60. Ne4 Ra5 61. Nc3 Ra8 62. Kg5 Rh8 63. Kh4 Kf2 64. Nd5 1-0

[Event "RUS-chTW Premier 2019"]
[Site "Sochi"]
[Date "2019.05.03"]
[Round "3.4"]
[White "Bivol, Alina"]
[Black "Guseva, Marina"]
[Result "1/2-1/2"]
[ECO "B92"]
[WhiteElo "2393"]
[BlackElo "2402"]
[Annotator "NA"]
[PlyCount "80"]
[EventDate "2019.05.01"]
[EventType "team-tourn"]
[EventCountry "RUS"]
[SourceTitle "playchess.com"]
[Source "ChessBase"]
[SourceQuality "1"]
[TimeControl "40/5400+30:1800+30"]

1. e4 c5 2. Nf3 d6 3. d4 cxd4 4. Nxd4 Nf6 5. Nc3 a6 6. Be2 e5 7. Nb3 Be7 8. Be3 Be6 9. O-O O-O 10. Qd2 Nbd7 11. a4 Rc8 12. a5 Qc7 13. Bf3 h6 14. Rfd1 Rfd8 15. Qe1 Qc6 16. Nc1 Re8 17. Nd3 Qc7 18. Nb4 Qb8 19. Be2 Ng4 20. Bxg4 Bxg4 21. Rd2 Be6 22. Nbd5 Nf6 23. Nxf6+ Bxf6 24. f3 Rc6 25. Qf2 Bd8 26. Qg3 Kh8 27. f4 exf4 28. Bxf4 Bf6 29. Rxd6 Rxd6 30. Bxd6 Bd4+ 31. Kh1 Qc8 32. Rd1 Bxc3 33. Qxc3 Qxc3 34. bxc3 Bd7 35. e5 Bc6 36. Kg1 Re6 37. Re1 f6 38. Kf2 fxe5 39. Bxe5 Kh7 40. c4 g5 1/2-1/2

[Event "RUS-chTW Premier 2019"]
[Site "Sochi"]
[Date "2019.05.03"]
[Round "3.5"]
[White "Badelka, Olga"]
[Black "Bodnaruk, Anastasia"]
[Result "1/2-1/2"]
[ECO "E73"]
[WhiteElo "2383"]
[BlackElo "2431"]
[Annotator "NA"]
[PlyCount "82"]
[EventDate "2019.05.01"]
[EventType "team-tourn"]
[EventCountry "RUS"]
[SourceTitle "playchess.com"]
[Source "ChessBase"]
[SourceQuality "1"]
[TimeControl "40/5400+30:1800+30"]

1. d4 Nf6 2. c4 g6 3. Nc3 Bg7 4. e4 d6 5. Be2 O-O 6. Be3 c6 7. g4 d5 8. e5 Ne4 9. Nxe4 dxe4 10. Qc2 c5 11. Qxe4 cxd4 12. Bxd4 Nc6 13. Bc3 Nxe5 14. Rd1 Qc7 15. Rd5 Nc6 16. Bxg7 Kxg7 17. Nf3 Be6 18. Rd2 Rad8 19. Rxd8 Rxd8 20. O-O Qb6 21. b3 Qa5 22. a4 Qc3 23. Rb1 a5 24. h3 Bc8 25. Qe3 Qxe3 26. fxe3 f5 27. g5 e5 28. Kf2 e4 29. Ne1 Rd2 30. Ng2 h6 31. Ke1 Rd8 32. gxh6+ Kxh6 33. h4 Be6 34. Nf4 Bf7 35. Rb2 g5 36. hxg5+ Kxg5 37. Bd1 Ne5 38. Rg2+ Kf6 39. Rd2 Rxd2 40. Kxd2 Nc6 41. Ke1 Ke5 1/2-1/2

[Event "RUS-chTW Premier 2019"]
[Site "Sochi"]
[Date "2019.05.03"]
[Round "3.6"]
[White "Ovod, Evgenija"]
[Black "Dordzhieva, Dinara"]
[Result "1-0"]
[ECO "B22"]
[WhiteElo "2362"]
[BlackElo "2280"]
[Annotator "NA"]
[PlyCount "81"]
[EventDate "2019.05.01"]
[EventType "team-tourn"]
[EventCountry "RUS"]
[SourceTitle "playchess.com"]
[Source "ChessBase"]
[SourceQuality "1"]
[TimeControl "40/5400+30:1800+30"]

1. e4 c5 2. c3 d5 3. exd5 Qxd5 4. d4 Nf6 5. Nf3 e6 6. Na3 Nc6 7. Be3 cxd4 8. Nb5 Qd8 9. Nbxd4 Nd5 10. Nxc6 bxc6 11. Bd2 Bc5 12. Be2 Qc7 13. O-O O-O 14. Bd3 Nf4 15. Be4 Ng6 16. Ng5 Be7 17. Qh5 Bxg5 18. Qxg5 e5 19. Qe3 f5 20. Bf3 Be6 21. Rfe1 Kh8 22. b3 Rae8 23. c4 e4 24. Bd1 c5 25. f3 Bc8 26. fxe4 Rxe4 27. Qf2 Rxe1+ 28. Bxe1 Bb7 29. Bc3 Ne5 30. Be2 Be4 31. Rf1 Re8 32. Qg3 Qe7 33. Rd1 Ng6 34. Bh5 f4 35. Qf2 Qg5 36. Bxg6 Qxg6 37. Rd7 Rg8 38. Qd2 h6 39. Rd6 Qg5 40. g3 fxg3 41. Rxh6+ 1-0

[Event "RUS-chTW Premier 2019"]
[Site "Sochi"]
[Date "2019.05.03"]
[Round "3.7"]
[White "Maltsevskaya, Aleksandra"]
[Black "Belenkaya, Dina"]
[Result "1/2-1/2"]
[ECO "B12"]
[WhiteElo "2299"]
[BlackElo "2315"]
[Annotator "NA"]
[PlyCount "112"]
[EventDate "2019.05.01"]
[EventType "team-tourn"]
[EventCountry "RUS"]
[SourceTitle "playchess.com"]
[Source "ChessBase"]
[SourceQuality "1"]
[TimeControl "40/5400+30:1800+30"]

1. e4 c6 2. d4 d5 3. e5 Bf5 4. c4 e6 5. Nc3 Nd7 6. a3 dxc4 7. Bxc4 Ne7 8. Nge2 Nb6 9. Ba2 Qd7 10. O-O Bg6 11. Bg5 Ned5 12. Ng3 h6 13. Bd2 Nxc3 14. bxc3 c5 15. Be3 c4 16. Bb1 Bxb1 17. Qxb1 Be7 18. f4 g6 19. Ne4 Na4 20. Qc2 b5 21. Rad1 Qc6 22. f5 gxf5 23. d5 exd5 24. Nd6+ Bxd6 25. exd6 O-O-O 26. Qxf5+ Rd7 27. Rxd5 a6 28. Bd4 Rg8 29. Qf3 Kb7 30. Rf5 Qxf3 31. R1xf3 Rxd6 32. Rxf7+ Kc6 33. Ra7 Kd5 34. Re3 Rg5 35. h4 Rh5 36. Kf2 Nb2 37. Kf3 Nd3 38. g3 Rf5+ 39. Kg4 Rf8 40. h5 Rf1 41. Rf3 Rxf3 42. Kxf3 Ne5+ 43. Kf4 Rf6+ 44. Ke3 Rf3+ 45. Ke2 Rxg3 46. Rxa6 Rg2+ 47. Kf1 Ra2 48. Rf6 Nc6 49. Be3 Rxa3 50. Bxh6 Rxc3 51. Rf5+ Ke4 52. Rxb5 Nd4 53. Rc5 Nf5 54. Bd2 Rh3 55. Rxc4+ Kd5 56. Rf4 Rxh5 1/2-1/2

[Event "RUS-chTW Premier 2019"]
[Site "Sochi"]
[Date "2019.05.03"]
[Round "3.8"]
[White "Styazhkina, Anna"]
[Black "Diakonova, Ekaterina"]
[Result "1-0"]
[ECO "B12"]
[WhiteElo "2272"]
[BlackElo "2211"]
[Annotator "NA"]
[PlyCount "81"]
[EventDate "2019.05.01"]
[EventType "team-tourn"]
[EventCountry "RUS"]
[SourceTitle "playchess.com"]
[Source "ChessBase"]
[SourceQuality "1"]
[TimeControl "40/5400+30:1800+30"]

1. e4 c6 2. d4 d5 3. e5 Bf5 4. h4 h5 5. c4 e6 6. Nc3 Nd7 7. Bg5 f6 8. exf6 gxf6 9. Be3 Bd6 10. cxd5 exd5 11. Be2 Bg6 12. Nh3 Qb6 13. Qd2 O-O-O 14. Bf4 Bxf4 15. Nxf4 Bf7 16. Na4 Qc7 17. b4 Nb6 18. Nxb6+ axb6 19. a4 Ne7 20. a5 Nf5 21. b5 bxa5 22. Rxa5 Qb6 23. Ra4 Nd6 24. bxc6 Qb1+ 25. Qd1 Qxd1+ 26. Kxd1 bxc6 27. Rh3 Rhe8 28. Rb3 Nb5 29. Bxb5 cxb5 30. Rxb5 Re4 31. g3 Kc7 32. Ra7+ Kc6 33. Rb4 Be8 34. Ra6+ Kd7 35. Nxd5 Re6 36. Rb7+ Kc8 37. Rc7+ Kb8 38. Rxe6 Ba4+ 39. Kd2 Rxd5 40. Rc4 Bd7 41. Rxf6 1-0